 Dungeon Crawl Stone Soup version 0.23.2-30-g0e89c35649 (webtiles) character file.

Game seed: 9001471508097143869

322 Kobolds4U the Carver (level 6, -10/51 HPs)
             Began as a Minotaur Fighter on June 7, 2019.
             Mangled by an ogre
             ... wielding a +0 giant club
              (22 damage)
             ... on level 4 of the Dungeon.
             The game lasted 00:06:10 (4013 turns).

Kobolds4U the Carver (Minotaur Fighter)             Turns: 4013, Time: 00:06:11

Health: -10/51     AC: 12    Str: 16    XL:     6   Next: 22%
Magic:  5/5        EV:  2    Int:  7    God:
Gold:   189        SH:  9    Dex: 11    Spells: 5/5 levels left

rFire    . . .     SeeInvis .   a - +0 long sword
rCold    . . .     Gourm    .   c - +0 shield
rNeg     . . .     Faith    .   m - +0 plate armour
rPois    .         Spirit   .   (helmet restricted)
rElec    .         Reflect  .   q - +0 cloak
rCorr    .         Harm     .   (no gloves)
MR       .....                  (no boots)
Stlth    ..........             (no amulet)
HPRegen  0.17/turn              h - +2 ring of intelligence
MPRegen  0.09/turn              j - -5 ring of strength (curse)

@: no status effects
A: retaliatory headbutt, horns 2
a: no special abilities


You were on level 4 of the Dungeon.
You were hungry.

You visited 1 branch of the dungeon, and saw 4 of its levels.
You also visited: Sewer.

You collected 189 gold pieces.

Inventory:

Hand Weapons
 a - a +0 long sword (weapon)
Missiles
 i - 8 poisoned javelins (quivered)
 t - 3 tomahawks
Armour
 c - a +0 shield (worn)
 m - a +0 plate armour (worn)
 q - a +0 cloak (worn)
Jewellery
 h - a +2 ring of intelligence (left hand)
 j - a cursed -5 ring of strength (right hand)
 w - an uncursed ring of stealth
Scrolls
 b - a scroll of amnesia
 e - a scroll of magic mapping {unknown}
 k - a scroll of blinking {unknown}
 o - a scroll of fear {unknown}
 p - a scroll of identify {unknown}
 u - 3 scrolls of teleportation {unknown}
 x - a scroll of fog {unknown}
Potions
 d - 4 potions of might
 g - a potion of haste {unknown}
 l - 2 potions of curing {unknown}
 n - a potion of heal wounds {unknown}
 r - 3 potions of flight {unknown}
 v - a potion of degeneration {unknown}
 z - a potion of invisibility {unknown}
Comestibles
 f - 7 rations
 s - 3 chunks of flesh


   Skills:
 - Level 3.6 Fighting
 + Level 8.0 Long Blades
 - Level 3.6 Armour
 - Level 3.6 Shields


You had 5 spell levels left.
You didn't know any spells.
Your spell library was empty.

Dungeon Overview and Level Annotations

Branches:
Dungeon (4/15)
 Temple: D:4-7

Altars:


Innate Abilities, Weirdness & Mutations

You reflexively headbutt those who attack you in melee.
You have a pair of horns on your head.


Message History

The ogre is heavily wounded.
The ogre hits you but does no damage.
Your shield and plate armour prevent you from hitting the ogre.
Your headbutt misses the ogre.
The ogre is heavily wounded.
The ogre hits you but does no damage.
You are feeling hungry.
You hit the ogre.
The ogre is heavily wounded.
You hit the ogre but do no damage.
The ogre is heavily wounded.
The ogre hits you with a +0 giant club.
You hit the ogre. Your headbutt misses the ogre.
The ogre is severely wounded.
The ogre hits you with a +0 giant club!
* * * LOW HITPOINT WARNING * * *
You slash the ogre!
The ogre is almost dead.
The ogre hits you with a +0 giant club!!
You die...

# . #. ##.# #...##
.#.....
.......######
......O@....#
.......####.#
.#...#.####.########
#..................
## ##.####.########
.# #.# # #.# #.# #.#


You could see an ogre.

Vanquished Creatures
  A bullfrog (D:3)
  Crazy Yiuf (D:3)
  A bullfrog skeleton (D:4)
  An orc wizard (D:4)
  3 gnolls (D:2)
  A howler monkey skeleton (D:4)
  A river rat (D:4)
  3 adders
  3 worms
  2 dart slugs
  4 leopard geckos
  3 orcs
  3 giant cockroaches
  10 goblins
  5 hobgoblins
  9 jackals
  4 kobolds
  A quokka (D:3)
  7 ball pythons
  13 bats
  5 frilled lizards
  A quokka skeleton (D:4)
  3 rats
85 creatures vanquished.

Notes
Turn   | Place    | Note
-------+----------+-------------------------------------------
     0 | D:1      | Kobolds4U the Minotaur Fighter began the quest for the Orb.
     0 | D:1      | Reached XP level 1. HP: 19/19 MP: 0/0
   265 | D:1      | Reached skill level 3 in Long Blades
   510 | D:1      | Reached XP level 2. HP: 26/26 MP: 1/1
   934 | D:2      | Reached skill level 4 in Long Blades
   942 | D:2      | Reached XP level 3. HP: 24/31 MP: 2/2
  1497 | D:2      | Reached skill level 5 in Long Blades
  1822 | D:2      | Reached XP level 4. HP: 39/39 MP: 3/3
  2286 | D:3      | Noticed a bullfrog
  2298 | D:3      | Killed a bullfrog
  2298 | D:3      | Reached skill level 6 in Long Blades
  2298 | D:3      | Reached XP level 5. HP: 20/45 MP: 4/4
  2748 | D:3      | Found a runed translucent door.
  2749 | D:3      | Noticed Crazy Yiuf
  3026 | D:3      | Killed Crazy Yiuf
  3026 | D:3      | Reached skill level 7 in Long Blades
  3335 | D:4      | Noticed a two-headed ogre
  3464 | D:4      | Reached XP level 6. HP: 51/51 MP: 5/5
  3541 | D:4      | Found a glowing drain.
  3572 | Sewer    | Entered a sewer
  3706 | Sewer    | Reached skill level 8 in Long Blades
  4013 | D:4      | Mangled by an ogre

Skill      XL: |  1  2  3  4  5  6 |
---------------+-------------------+-----
Long Blades    | 3 4 5 6 7 8 |  8.0
Fighting       | |  3.6
Armour         | |  3.6
Shields        | |  3.6

Action                   |  1- 3 |  4- 6 || total
-------------------------+-------+-------++-------
Melee: Long sword        |    61 |   246 ||   307
       Headbutt          |    15 |    18 ||    33
  Use: Scroll            |       |     1 ||     1
  Eat: Chunk             |     3 |     7 ||    10
Armor: Chain mail        |    24 |    22 ||    46
       Scale mail        |     1 |       ||     1
       Plate armour      |       |   206 ||   206
Dodge: Dodged            |    18 |    30 ||    48
Block: Shield            |    27 |   136 ||   163
       Rpst.: Long sword |     6 |    11 ||    17
